Unix NetHack Version 5.0.0-0 post-release - last build Jul 19 2026 19:10:59 (3aa4ab31751d3886436d94b585a96704892fd477,branch:main).

Game began 2026-07-24 19:24:41, ended 2026-07-24 19:39:26.

Anarchos, lawful female dwarven Valkyrie

                                                                     ---
                                                    .|            ----..|
                                         ---      --.-----        |.....|
                                        ...|-- - --...^.`--       |.....|---
                                       -...|.--...........|       --....--.|
                                       |..%...........@..--        |......^|
                                       ---...............|         ---.....--
                                         |-...<... .--...--         --......|
                                       ---.....|..   ---..--        |^......--
                                      --.....---       |-..|        |........|
                                     --......|.        |...--       ---......|
                                   ---...|..-|.---     --...-------   --.....|
                                  ......------.|.--------.....--..| ---|.---.|
                                  ......--..........--.|...--.....---.--.| ---
                                  .........-----.........------..........-
                                   ....-----   ---......--    --...----...|
                                    ----         --------      |..--  --.--
                                                               ----    ---
Anarchos the Skirmisher     St:18/03 Dx:12 Co:18 In:8 Wi:8 Ch:9  Lawful
Dlvl:10 $:353 HP:0(46) Pw:3(3) AC:-1 Xp:4 T:2098  Burdened Blind

Latest messages:
 You land on a set of sharp iron spikes!
 You have a little trouble lifting Y - a bag.
 You are still in a pit.
 You are still in a pit.
 You are still in a pit.
 You crawl to the edge of the pit.
 You have a little trouble lifting Z - a lembas wafer.
 You have a little trouble lifting d - an orange gem.
 A gush of water hits you!
 Your oil lamp goes out!
 With great effort you move the boulder.
 What do you want to use or apply? [erwzA-FIKNQW-Y or ?*] ?
 Your lamp is now on.
 A raven suddenly appears close by!
 What do you want to wear? [S or ?*] S
 You finish your dressing maneuver.
 What do you want to take off? [cS or ?*] S
 The raven bites!
 The raven misses!
 The raven bites!
 The raven misses!
 The raven bites!
 The raven misses!
 The raven bites!
 The raven blinds you!
 It bites!
 You finish taking off your mail.
 It bites!
 It misses!
 What do you want to wear? [S or ?*] S
 It bites!
 It bites!
 It bites!
 It bites!
 It just misses!
 It bites!
 It bites!
 It misses!
 You finish your dressing maneuver.
 You miss it.
 It bites!
 It misses!
 It bites!
 You hit it.
 It bites!
 It bites!
 You die...
 Do you want your possessions identified? [ynq] (y) y
 Do you want to see your attributes? [ynq] (y) y
 Do you want an account of creatures vanquished? [ynaq] (y) q

Inventory:
 Coins    ('$')
  $ - 353 gold pieces
 Amulets  ('"')
  y - an uncursed amulet of magical breathing (being worn)
 Weapons  (')')
  k - 11 cursed +0 shuriken
  b - a +0 dagger (at the ready)
  a - a +1 dwarvish spear (weapon in right hand)
 Armor    ('[')
  c - an uncursed +3 small shield (being worn)
  S - an uncursed +0 plate mail (being worn)
 Comestibles  ('%')
  x - an uncursed slime mold
  o - an uncursed carrot
  Z - an uncursed lembas wafer
  L - an uncursed pancake
  f - 2 uncursed lichen corpses
 Scrolls  ('?')
  v - a blessed scroll of blank paper
  q - an uncursed scroll of enchant weapon
  V - an uncursed scroll of magic mapping
 Spellbooks  ('+')
  E - an uncursed novel named Mort
  C - an uncursed spellbook of clairvoyance
  A - an uncursed spellbook of confuse monster
  r - an uncursed spellbook of cure blindness
  B - an uncursed spellbook of cure blindness
  F - an uncursed spellbook of cure sickness
  I - an uncursed spellbook of extra healing
  D - an uncursed spellbook of sleep
  W - an uncursed spellbook of sleep
  z - an uncursed spellbook of wizard lock
 Potions  ('!')
  R - an uncursed potion of fruit juice
 Rings    ('=')
  T - an uncursed -2 ring of protection
  t - a cursed ring of see invisible
 Tools    ('(')
  N - an uncursed bag of holding containing 1 item
  Y - an uncursed sack containing 1 item
  e - an uncursed oil lamp (lit)
  X - an uncursed skeleton key
  Q - an uncursed tin whistle
  K - a tinning kit (0:52)
  w - an uncursed towel
 Gems/Stones  ('*')
  P - an uncursed aquamarine stone
  u - 2 uncursed worthless pieces of blue glass
  l - a cursed worthless piece of blue glass
  O - an uncursed worthless piece of green glass
  d - an uncursed worthless piece of orange glass
  M - 3 uncursed worthless pieces of red glass
  J - an uncursed worthless piece of violet glass
  U - an uncursed worthless piece of yellowish brown glass

Contents of the bag of holding:
  an uncursed worthless piece of black glass

Contents of the sack:
  an uncursed ring of stealth

Anarchos the Valkyrie's attributes:

Background:
 You were a Skirmisher, a level 4 dwarven Valkyrie.
 You were lawful, on a mission for Tyr
 who was opposed by Odin (neutral) and Loki (chaotic).
 You were right-handed.
 You were in the Gnomish Mines, on level 10.
 You entered the dungeon 2098 turns ago.
 You had 144 experience points, 16 more were needed to attain level 5.

Basics:
 You had 0 out of 46 hit points.
 You had all 3 energy points (spell power).
 Your armor class was -1.
 Your wallet contained 353 zorkmids.
 Autopickup was on for all types.

Final Characteristics:
 Your strength was 18/03 (limit:18/100).
 Your dexterity was 12 (limit:20).
 Your constitution was 18 (limit:20).
 Your intelligence was 8 (limit:16).
 Your wisdom was 8 (limit:16).
 Your charisma was 9 (limit:16).

Final Status:
 You were temporarily blind.
 You weren't hungry.
 You were burdened; movement was slightly slowed.
 You were wielding a spear.
 You had basic skill with spear.

Final Attributes:
 You were devoutly aligned.
 You were cold resistant.
 You had infravision.
 You were stealthy.
 You could survive without air.
 You were guarded.
 You are dead.

Miscellaneous:
 You didn't encounter any bones levels.
 Total elapsed playing time was 13 minutes and 12 seconds.

Major events:
 Turn
    1: Anarchos the lawful dwarven Valkyrie entered the dungeon
 1133: attained the rank of Skirmisher (level 3)
 1538: entered the Gnomish Mines
 1782: reached Mine Town
 2098: killed by a raven

You didn't know any spells.

Skills:
 Fighting Skills
   bare handed combat [Unskilled]
   two weapon combat  [Unskilled]
   riding             [Unskilled]
 Weapon Skills
   dagger             [Basic]
   axe                [Unskilled]
   pick-axe           [Unskilled]
   short sword        [Unskilled]
   broadsword         [Unskilled]
   long sword         [Unskilled]
   two-handed sword   [Unskilled]
   saber              [Unskilled]
   hammer             [Unskilled]
   quarterstaff       [Unskilled]
   polearms           [Unskilled]
   spear              [Basic]
   trident            [Unskilled]
   lance              [Unskilled]
   sling              [Unskilled]
 Spellcasting Skills
   attack spells      [Unskilled]
   escape spells      [Unskilled]

Voluntary challenges:
 Character rerolling was not enabled.
 You were illiterate.
 You never genocided any monsters.
 You never polymorphed an object.
 You never changed form.
 You used no wishes.
Achievements:
 You entered a shop.
 You attained the rank of Skirmisher.
 You entered the Gnomish Mines.
 You entered Minetown.

 The Dungeons of Doom: levels 1 to 4
    Level 1:
    Level 2:
       A sink.
    Level 3:
       A bookstore.
    Level 4:
       Some fountains.
       Stairs down to The Gnomish Mines.
 The Gnomish Mines: levels 5 to 10
    Level 5: "loadstone!!!"
    Level 7:
    Level 8:
    Level 9:
    Level 10: <- You were here.
       Final resting place for
          you, killed by a raven.


Vanquished creatures:
 an Uruk-hai
 an orc shaman
  2 hill orcs
 an acid blob
  4 manes
  a large kobold
  2 hobgoblins
  a giant rat
  3 cave spiders
  3 garter snakes
  2 geckos
  2 jackals
  a kobold
  a goblin
  4 sewer rats
  3 grid bugs
  2 bats
  3 lichens
  3 newts
40 creatures vanquished.

No species were genocided or became extinct.

Game over:
                       ----------
                      /          \
                     /    REST    \
                    /      IN      \
                   /     PEACE      \
                  /                  \
                  |     Anarchos     |
                  |      353 Au      |
                  |   killed by a    |
                  |      raven       |
                  |                  |
                  |                  |
                  |       2026       |
                 *|     *  *  *      | *
        _________)/\\_//(\/(/\)/\//\/|_)_______

Farvel Anarchos the Valkyrie...

You died in The Gnomish Mines on dungeon level 10 with 1374 points,
and 353 pieces of gold, after 2098 moves.
You were level 4 with a maximum of 46 hit points when you died.

